 Dungeon Crawl Stone Soup version 0.20.1-1-g8b1a95d (webtiles) character file.

79375 Irenicus the Severer (level 15, -2/226 HPs)
             Began as a Deep Dwarf Berserker on Nov 4, 2017.
             Was a Believer of Makhleb.
             Slain by an entropy weaver (7 damage)
             ... on level 5 of the Lair of Beasts.
             The game lasted 01:54:53 (16919 turns).

Irenicus the Severer (Deep Dwarf Berserker)        Turns: 16919, Time: 01:54:54

Health: -2/226     AC:  9    Str: 31    XL:     15   Next: 20%
Magic:  23/23      EV: 22    Int: 13    God:    Makhleb [**....]
Gold:   1725       SH:  0    Dex: 19    Spells: 12/14 levels left

rFire    + . .     SeeInvis .   T - +3 war axe (chop)
rCold    + . .     Gourm    +   (no shield)
rNeg     + . .     Faith    .   A - +0 leather armour of Impatience {rF+ rC+ Int+5}
rPois    .         Spirit   .   R - +0 helmet
rElec    .         Reflect  .   g - +0 cloak
rCorr    +         Harm     .   z - +0 pair of gloves
MR       ++...                  X - +1 pair of boots
Stlth    ..........             o - amulet of the gourmand
Regen    0.0/turn               W - ring of resist corrosion
MPRegen  0.2/turn               F - +3 ring of slaying (curse)

@: berserking, corroded, non-regenerating, very quick
A: damage resistance, heal wounds, talons 1, icy blue scales 1, slimy green
scales 1, agile 1, deformed body, high mp 1, mutation resistance 1, negative
energy resistance 1, sense surroundings 2, strong 2, no regeneration
a: Heal Wounds, Minor Destruction, Renounce Religion


You were on level 5 of the Lair of Beasts.
You worshipped Makhleb.
Makhleb was pleased with you.
You were very full.

You visited 4 branches of the dungeon, and saw 23 of its levels.
You also visited: Ice Cave and Volcano.

You collected 2149 gold pieces.
You spent 424 gold pieces at shops.

Inventory:

Hand Weapons
 b - a +5 battleaxe of freezing
 x - a +2 arbalest of velocity
 C - the +8 war axe of Ravage {pain, *Noise +Fly rC++ Str+2}
   (You found it on level 8 of the Dungeon)

   In the hands of one skilled in necromantic magic, it inflicts extra damage on
   living creatures.
   It affects your strength (+2).
   It greatly protects you from cold.
   It lets you fly.
   It may make noises in combat.
 G - a +0 war axe of electrocution
 O - the +6 trident "Qohyd" {freeze, rElec rF+ rN+}
   (You found it on level 8 of the Dungeon)

   It has been specially enchanted to freeze those struck by it, causing extra
   injury to most foes and up to half again as much damage against particularly
   susceptible opponents.
   It can also slow down cold-blooded creatures.
   It protects you from fire.
   It insulates you from electricity.
   It protects you from negative energy.
 T - a +3 war axe of chopping (weapon)
Missiles
 B - 194 bolts
Armour
 g - a +0 cloak (worn)
 z - a +0 pair of gloves (worn)
 A - the +0 leather armour of Impatience (worn) {rF+ rC+ Int+5}
   (You found it on level 4 of the Dungeon)

   It affects your intelligence (+5).
   It protects you from fire.
   It protects you from cold.
 R - a +0 helmet (worn)
 V - a +3 ring mail of cold resistance
 X - a +1 pair of boots (worn)
Jewellery
 d - an uncursed ring of poison resistance
 o - an amulet of the gourmand (around neck)
 F - a cursed +3 ring of slaying (right hand)
 K - an uncursed ring of flight
 Q - an uncursed ring of protection from cold
 U - an uncursed ring of see invisible
 W - a ring of resist corrosion (left hand)
Wands
 k - a wand of paralysis (3/24)
 m - a wand of lightning (9/15)
 y - a wand of confusion (25/48)
 E - a wand of digging (6/24)
 J - a wand of lightning (3/15)
 L - a wand of confusion (28/48)
 N - a wand of enslavement (1/24)
 Y - a wand of paralysis (22/24)
Scrolls
 a - a scroll of identify
 e - 8 scrolls of remove curse
 f - 5 scrolls of fog
 j - 2 scrolls of holy word
 u - 4 scrolls of magic mapping
 v - 6 scrolls of recharging
 H - 3 scrolls of teleportation
Potions
 l - 3 potions of brilliance
 n - a potion of haste
 p - 4 potions of agility
 q - 6 potions of curing
 r - 3 potions of flight
 w - a potion of resistance
 M - 3 potions of lignification
 P - a potion of might
Books
 t - a book of Minor Magic

   Spells                             Type                      Level
   a - Magic Dart                     Conjuration                  1
   b - Blink                          Translocation                2
   c - Call Imp                       Summoning                    2
   d - Slow                           Hexes                        2
   e - Conjure Flame                  Conjuration/Fire             3
   f - Mephitic Cloud                 Conjuration/Poison/Air       3
 I - a book of Frost

   Spells                             Type                      Level
   a - Freeze                         Ice                          1
   b - Throw Frost                    Conjuration/Ice              2
   c - Ozocubu's Armour               Charms/Ice                   3
   d - Throw Icicle                   Conjuration/Ice              4
   e - Summon Ice Beast               Ice/Summoning                4
Miscellaneous
 D - a sack of spiders
 S - a lamp of fire (inert)
Comestibles
 c - 11 bread rations
 h - 19 royal jellies
 i - 3 meat rations


   Skills:
 - Level 14.0 Fighting
 - Level 16.2 Axes
 - Level 7.0 Crossbows
 - Level 8.6 Armour
 - Level 12.0 Dodging
 + Level 3.1 Translocations
 - Level 10.7 Evocations


You had 12 spell levels left.
You knew the following spells:

 Your Spells              Type           Power        Failure   Level  Hunger
a - Blink                 Tloc           N/A          14%         2    ###....


Dungeon Overview and Level Annotations

Branches:
Dungeon (15/15)            Temple (1/1) D:7            Lair (5/6) D:11
  Swamp (0/4) Lair:3        Snake (0/4) Lair:3          Orc (2/2) D:10
    Elf (0/3) Orc:2        Vaults (0/5) D:13         Depths (0/5) D:15
  Slime: Lair:5-6

Altars:
Ashenzari
Cheibriados
Dithmenos
Elyvilon
Fedhas
Gozag
Hepliaklqana
Kikubaaqudgha
Makhleb
Nemelex Xobeh
Okawaru
Qazlal
Ru
Sif Muna
Trog
Uskayaw
Vehumet
Xom
Yredelemnul
Zin
The Shining One

Shops:
D:8 }*   D:10 [   Orc:2 (**(

Annotations:
D:12 Morrissey's ghost, journeyman TrMo
Lair:1 exclusion: oklob plant


Innate Abilities, Weirdness & Mutations

You are resistant to damage.
You can heal yourself by infusing magical energy.
You resist negative energy. (rN+)
You passively map the area around you.
You do not regenerate.
You have sharp toenails.
You are partially covered in icy blue scales. (AC +2)
You are partially covered in slimy green scales. (AC +2)
You are agile. (Dex +2)
Armour fits poorly on your strangely shaped body.
You have an increased reservoir of magic. (+10% MP)
You are somewhat resistant to further mutation.
Your muscles are very strong. (Str +4)


Message History

The entropy weaver is heavily wounded.
The entropy weaver hits you!
* * * LOW HITPOINT WARNING * * *
The entropy weaver completely misses you.
The entropy weaver hits you!
* * * LOW HITPOINT WARNING * * *
The entropy weaver completely misses you.
You slash the entropy weaver!
The entropy weaver is almost dead.
The entropy weaver mumbles some strange words.
The entropic weave corrodes you!
You hit the entropy weaver.
The entropy weaver is almost dead.
Unknown command.
You closely miss the entropy weaver.
The entropy weaver is almost dead.
The entropy weaver misses you. The entropy weaver hits you!
* * * LOW HITPOINT WARNING * * *
The entropy weaver hits you!
You die...

, . ......(. ,, , ,
$.....#P.. ..##
,*,,?.......D#### .#.
P.....#P..#.# ..#*
............#* .P# *
, ......#..<..###.###
#......(..........# ,
*#......#$†a.(....##
* P...a..)..#@##..P#
* ......######.#...#
, ,
.........P####...#
,.................#
.................##
.....a............# *
#................##
*###......#PP##..#..#
##.#PP...#####.##...#


You could see a five-headed hydra and an entropy weaver.

Vanquished Creatures
  Gastronok (D:9)
  Kirke (D:13)
  A frost giant (IceCv)
  An entropy weaver (Lair:5)
  The ghost of Ratty the Archer, a journeyman MiBe of Trog (Volcano)
  4 centaur warriors
  4 hydras
  Erica (D:10)
  3 ogre magi
  10 two-headed ogres
  2 tengu warriors (D:15)
  6 death yaks
  A hell knight (Volcano)
  The ghost of Schiappus the Cleaver, a novice TrBe of Trog (D:7)
  3 orc high priests (Orc:2)
  4 skeletal warriors (D:13)
  2 unseen horrors (D:15)
  An orange crystal statue (D:8)
  A wizard (D:14)
  A swamp dragon (Lair:3)
  6 orc knights
  Pikel (D:5)
  6 orc sorcerers
  5 ugly things
  6 cyclopes
  4 manticores
  A centaur zombie (D:13)
  A molten gargoyle (Volcano)
  4 spiny frogs
  2 gargoyles
  2 rime drakes
  3 yaktaurs (D:13)
  A kobold demonologist (D:13)
  A komodo dragon (Lair:2)
  A tengu conjurer (D:15)
  2 meliai (D:15)
  6 trolls
  17 polar bears
  A wolf spider simulacrum (D:14)
  2 hornets
  A queen bee (shapeshifter) (D:14)
  3 slime creatures (D:15)
  7 hippogriffs
  5 blink frogs (Lair:2)
  A vampire (D:11)
  A wraith (D:15)
  4 shadows
  25 yaks
  2 basilisks
  Eustachio (D:5)
  2 hungry ghosts
  4 vampire mosquitoes (D:13)
  5 fire bats
  2 steam dragons (D:7)
  3 hogs (D:13)
  4 wargs
  Edmund (D:4)
  6 water moccasins
  24 orc warriors
  4 porcupines
  2 soldier ants
  2 sky beasts
  2 phantoms
  2 slaves (D:5)
  A hornet zombie (D:11)
  3 black bears
  14 ice beasts
  13 ogres
  4 necrophages
  17 wolves
  7 centaurs
  7 crocodiles
  Blork the orc (D:4)
  3 big kobolds (D:13)
  9 bullfrogs
  2 wyvern skeletons
  6 scorpions
  11 killer bees (D:9)
  7 wights
  5 howler monkeys
  4 electric eels
  4 lava snakes (Volcano)
  10 crimson imps
  3 quasits
  9 hounds
  14 orc priests
  5 jellies
  2 bullfrog skeletons
  3 centaur skeletons
  Jessica (D:2)
  26 orc wizards
  6 iguanas
  Natasha (twice) (D:4)
  14 worker ants
  2 killer bee zombies
  A worker ant zombie (D:6)
  4 gnolls (D:7)
  11 adders
  2 shadow imps
  7 oozes
  An adder skeleton (D:8)
  4 worms
  A worm (shapeshifter) (D:15)
  4 dart slugs
  8 leopard geckos
  71 orcs
  4 ball pythons
  5 bats
  5 giant cockroaches
  23 goblins
  10 hobgoblins
  27 jackals
  5 quokkas
  A frilled lizard (D:2)
  A giant cockroach zombie (D:6)
  A jackal skeleton (D:7)
  6 kobolds
  A quokka zombie (D:6)
  11 rats
  2 fungi
  A toadstool (D:1)
666 creatures vanquished.

Vanquished Creatures (collateral kills)
  An ettin (D:15)
  A meliai (D:15)
2 creatures vanquished.

Vanquished Creatures (others)
  A polar bear (IceCv)
  A kobold (D:13)
  A fungus (Lair:5)
  10 plants (Lair:5)
  3 toadstools (D:1)
16 creatures vanquished.

Grand Total: 684 creatures vanquished

Notes
Turn   | Place    | Note
-------+----------+-------------------------------------------
     0 | D:1      | Irenicus the Deep Dwarf Berserker began the quest for the Orb.
     0 | D:1      | Reached XP level 1. HP: 20/20 MP: 1/1
   140 | D:1      | Reached XP level 2. HP: 22/27 MP: 2/2
   144 | D:1      | Reached skill level 4 in Axes
   409 | D:1      | Reached XP level 3. HP: 20/33 MP: 3/3
   647 | D:1      | Gained mutation: You have sharp toenails. [potion of mutation]
   647 | D:1      | Gained mutation: Your magical capacity is low. (-10% MP) [potion of mutation]
   647 | D:1      | Gained mutation: Your spells are a little harder to cast, but a little more powerful. [potion of mutation]
   651 | D:1      | Reached ** piety under Trog
   993 | D:2      | Reached skill level 5 in Axes
  1080 | D:2      | Noticed Jessica
  1090 | D:2      | Killed Jessica
  1090 | D:2      | Reached XP level 4. HP: 22/40 MP: 3/3
  1252 | D:2      | Reached skill level 6 in Axes
  1437 | D:2      | Found a shadowy altar of Dithmenos.
  1437 | D:2      | Found a basalt altar of Yredelemnul.
  1438 | D:2      | Found an ancient bone altar of Kikubaaqudgha.
  1496 | D:3      | Found a bloodstained altar of Trog.
  1527 | D:3      | Reached XP level 5. HP: 21/49 MP: 4/4
  1535 | D:3      | Reached *** piety under Trog
  2002 | D:4      | Reached skill level 7 in Axes
  2124 | D:4      | Noticed Blork the orc
  2134 | D:4      | Killed Blork the orc
  2134 | D:4      | Reached XP level 6. HP: 27/56 MP: 5/5
  2148 | D:4      | Noticed Natasha
  2153 | D:4      | Killed Natasha
  2261 | D:4      | Got a polished leather armour
  2272 | D:4      | Identified the cursed +0 leather armour of Impatience {rF+ rC+ Int+5} (You found it on level 4 of the Dungeon)
  2548 | D:4      | Reached skill level 8 in Axes
  2627 | D:4      | Noticed Edmund
  2637 | D:4      | Killed Edmund
  2637 | D:4      | Reached XP level 7. HP: 62/62 MP: 6/6
  2752 | D:4      | Noticed Natasha
  2757 | D:4      | Killed Natasha
  2798 | D:5      | Entered Level 5 of the Dungeon
  2900 | D:5      | Reached skill level 9 in Axes
  3001 | D:5      | Found a snail-covered altar of Cheibriados.
  3143 | D:5      | Noticed Eustachio
  3158 | D:5      | Killed Eustachio
  3221 | D:5      | Reached skill level 10 in Axes
  3257 | D:5      | Gained mutation: You are partially covered in molten scales. (AC +2) [mutagenic meat]
  3258 | D:5      | Gained mutation: Your muscles are strong. (Str +2) [mutagenic meat]
  3259 | D:5      | Lost mutation: Your spells are a little harder to cast, but a little more powerful. [mutagenic meat]
  3260 | D:5      | Gained mutation: Your flesh is cold resistant. (rC+) [mutagenic meat]
  3261 | D:5      | Gained mutation: You are occasionally teleported next to monsters. [mutagenic meat]
  3262 | D:5      | Lost mutation: Your magical capacity is low. (-10% MP) [mutagenic meat]
  3288 | D:5      | Noticed Pikel
  3310 | D:5      | Killed Pikel
  3310 | D:5      | Reached skill level 11 in Axes
  3310 | D:5      | Reached XP level 8. HP: 69/69 MP: 8/8
  3617 | D:6      | Reached skill level 12 in Axes
  3952 | D:6      | Reached skill level 1 in Evocations
  3954 | D:6      | Found an iron altar of Okawaru.
  4013 | D:6      | Found a sacrificial altar of Ru.
  4126 | D:6      | Gained mutation: You passively map the area around you. [Deep Dwarf growth]
  4126 | D:6      | Reached XP level 9. HP: 72/75 MP: 9/9
  4320 | D:7      | Reached skill level 13 in Axes
  4370 | D:7      | Gained mutation: You expend magic power (3 MP) to strengthen your wands. [mutagenic meat]
  4371 | D:7      | Gained mutation: Your muscles are very strong. (Str +4) [mutagenic meat]
  4439 | D:7      | Reached **** piety under Trog
  4490 | D:7      | Found a staircase to the Ecumenical Temple.
  4508 | Temple   | Entered the Ecumenical Temple
  4766 | D:7      | Noticed Schiappus's ghost (novice TrBe)
  4785 | D:7      | Killed Schiappus's ghost
  4785 | D:7      | Reached skill level 14 in Axes
  4828 | D:7      | Found a blossoming altar of Fedhas.
  4857 | D:7      | Found a stormy altar of Qazlal.
  5154 | D:8      | Noticed a two-headed ogre
  5162 | D:8      | Killed a two-headed ogre
  5162 | D:8      | Reached skill level 15 in Axes
  5162 | D:8      | Reached XP level 10. HP: 84/84 MP: 10/10
  5320 | D:8      | Found Gozag's Platinum Reserve.
  5324 | D:8      | Found an opulent altar of Gozag.
  5346 | D:8      | Found a deep blue altar of Sif Muna.
  5346 | D:8      | Found a glowing silver altar of Zin.
  5399 | D:8      | Found Xuff's Gadget Boutique.
  5568 | D:8      | Got a transparent trident
  5569 | D:8      | Identified the +6 trident "Qohyd" {freeze, rElec rF+ rN+} (You found it on level 8 of the Dungeon)
  5746 | D:8      | Noticed an orange crystal statue
  5933 | D:9      | Noticed a manticore
  5939 | D:9      | Killed a manticore
  5939 | D:9      | Reached skill level 16 in Axes
  6091 | D:9      | Noticed Gastronok
  6109 | D:9      | Killed Gastronok
  6161 | D:9      | Reached XP level 11. HP: 60/90 MP: 8/11
  6534 | D:9      | Noticed a two-headed ogre
  6540 | D:9      | Killed a two-headed ogre
  6572 | D:10     | Entered Level 10 of the Dungeon
  6649 | D:10     | Found Ubahu's Antique Armour Emporium.
  6850 | D:10     | Noticed Erica
  6859 | D:10     | Killed Erica
  7083 | D:10     | Reached skill level 10 in Dodging
  7089 | D:10     | Found a staircase to the Orcish Mines.
  7382 | D:11     | Noticed a red ugly thing
  7401 | D:11     | Killed a red ugly thing
  7407 | D:11     | Gained mutation: You have an increased reservoir of magic. (+10% MP) [mutagenic meat]
  7453 | D:11     | Got a translucent leather armour
  7464 | D:11     | Identified the +0 leather armour "Vosotev" {Stlth+} (You found it on level 11 of the Dungeon)
  7581 | D:11     | Noticed a cyan ugly thing
  7613 | D:11     | Killed a cyan ugly thing
  7617 | D:11     | Gained mutation: You evolve. [mutagenic meat]
  7618 | D:11     | Gained mutation: You are partially covered in icy blue scales. (AC +2) [mutagenic meat]
  7619 | D:11     | Lost mutation: You are partially covered in molten scales. (AC +2) [mutagenic meat]
  7767 | D:11     | Noticed a two-headed ogre
  7783 | D:11     | Killed a two-headed ogre
  7822 | D:11     | Found a staircase to the Lair.
  7896 | D:11     | Lost mutation: You are occasionally teleported next to monsters. [evolution]
  8222 | D:12     | Found a shimmering altar of Xom.
  8289 | D:12     | Noticed Morrissey's ghost (journeyman TrMo)
  8530 | D:8      | Bought a wand of digging (8/24) for 312 gold pieces
  8581 | D:8      | Got an ichor-stained war axe
  8582 | D:8      | Identified the +8 war axe of Ravage {pain, *Noise +Fly rC++ Str+2} (You found it on level 8 of the Dungeon)
  8619 | D:8      | Killed an orange crystal statue
  8786 | Orc:1    | Entered Level 1 of the Orcish Mines
  8786 | Orc:1    | Noticed an orc sorcerer
  8786 | Orc:1    | Noticed an orc knight
  8789 | Orc:1    | Noticed an orc sorcerer
  8795 | Orc:1    | Killed an orc sorcerer
  8795 | Orc:1    | Reached skill level 5 in Fighting
  8795 | Orc:1    | Reached XP level 12. HP: 76/103 MP: 14/14
  9197 | Orc:2    | Entered Level 2 of the Orcish Mines
  9328 | Orc:2    | Found a staircase to the Elven Halls.
  9432 | Orc:2    | Reached skill level 5 in Armour
 10057 | Orc:2    | Noticed an orc high priest
 10076 | Orc:2    | Killed an orc high priest
 10164 | Orc:2    | Noticed an orc high priest
 10187 | Orc:2    | Killed an orc high priest
 10231 | Orc:2    | Received a gift from Trog
 10231 | Orc:2    | Reached skill level 5 in Crossbows
 10256 | Orc:2    | Noticed an orc high priest
 10260 | Orc:2    | Killed an orc high priest
 10265 | Orc:2    | Found Archirch's Weapon Boutique.
 10265 | Orc:2    | Found Nyvamm's Weapon Emporium.
 10272 | Orc:2    | Found Gadaunai's General Store.
 10272 | Orc:2    | Found Perisusch's General Store.
 10286 | Orc:2    | Bought a scroll of holy word for 112 gold pieces
 10701 | D:11     | Lost mutation: You expend magic power (3 MP) to strengthen your wands. [potion of mutation]
 10701 | D:11     | Lost mutation: Your flesh is cold resistant. (rC+) [potion of mutation]
 10701 | D:11     | Gained mutation: You are partially covered in slimy green scales. (AC +2) [potion of mutation]
 10701 | D:11     | Lost mutation: You evolve. [potion of mutation]
 10701 | D:11     | Gained mutation: Armour fits poorly on your strangely shaped body. [potion of mutation]
 10701 | D:11     | Gained mutation: You are agile. (Dex +2) [potion of mutation]
 11211 | D:12     | Reached XP level 13. HP: 111/111 MP: 15/15
 11265 | D:12     | Gained mutation: You are somewhat resistant to further mutation. [mutagenic meat]
 11404 | D:13     | Got a dazzling shortbow
 11406 | D:13     | Identified the +7 shortbow of Makhleb's Hatred {speed, Str+5} (You found it on level 13 of the Dungeon)
 11520 | D:13     | Identified the Reference Book on Venom and the Compass
 11532 | D:13     | Found a frozen archway.
 11561 | IceCv    | Entered an ice cave
 11705 | IceCv    | Received a gift from Trog
 11820 | IceCv    | Reached skill level 10 in Fighting
 11942 | IceCv    | Noticed a frost giant
 12012 | IceCv    | Killed a frost giant
 12158 | D:13     | Found a gate to the Vaults.
 12205 | D:13     | Noticed Kirke
 12216 | D:13     | Killed Kirke
 12233 | D:13     | Reached ***** piety under Trog
 12311 | D:13     | Gained mutation: You resist negative energy. (rN+) [Deep Dwarf growth]
 12311 | D:13     | Reached XP level 14. HP: 59/136 MP: 16/16
 12896 | D:14     | Got a distressingly furry scale mail
 12907 | D:14     | Identified the cursed +1 scale mail of Sif Muna's Whim {*Corrode rPois rN+ Dex+4} (You found it on level 14 of the Dungeon)
 13568 | D:15     | Entered Level 15 of the Dungeon
 13714 | D:15     | Found a staircase to the Depths.
 13726 | D:15     | HP: 3/141 [ettin/dire flail (37)]
 13787 | D:15     | HP: 10/211 [centaur warrior (8)]
 13793 | D:15     | HP: 6/211 [meliai/divine providence (13)]
 13868 | D:15     | Received a gift from Trog
 14247 | Lair:1   | Entered Level 1 of the Lair of Beasts
 14716 | Temple   | Fell from the grace of Trog
 14716 | Temple   | Became a worshipper of Makhleb the Destroyer
 14724 | Temple   | Learned a level 2 spell: Blink
 14958 | Lair:1   | Found a blossoming altar of Fedhas.
 15189 | Lair:2   | Reached skill level 5 in Evocations
 15598 | Lair:3   | Found a staircase to the Swamp.
 15603 | Lair:3   | Reached * piety under Makhleb
 15622 | Lair:3   | Found a staircase to the Snake Pit.
 15740 | Lair:3   | Paralysed by Trog for 6 turns
 15896 | Lair:4   | Found a dark tunnel.
 15910 | Volcano  | Entered a volcano
 16002 | Volcano  | Noticed Ratty's ghost (journeyman MiBe)
 16011 | Volcano  | Killed Ratty's ghost
 16011 | Volcano  | Reached XP level 15. HP: 67/151 MP: 22/22
 16119 | Volcano  | Found a burning altar of Makhleb.
 16145 | Volcano  | Reached skill level 10 in Evocations
 16213 | Volcano  | Reached ** piety under Makhleb
 16380 | Lair:4   | Identified the cursed +3 glaive "Geotap" {venom, Int+5} (You found it on level 4 of the Lair of Beasts)
 16546 | Lair:4   | Reached skill level 1 in Translocations
 16919 | Lair:5   | HP: 5/226 [entropy weaver (8)]
 16919 | Lair:5   | Slain by an entropy weaver

Skill      XL: |  1  2  3  4  5  6  7  8  9 10 11 12 13 14 15 |
---------------+----------------------------------------------+-----
Axes           | 4 5 6 7 8 11 12 15 16 | 16.2
Fighting       | 3 5 6 11 14 | 14.0
Evocations     | 1 9 10 | 10.7
Dodging        | 7 12 | 12.0
Armour         | 8 |  8.6
Crossbows      | 7 |  7.0
Translocations | 3 |  3.1

Action                   |  1- 3 |  4- 6 |  7- 9 | 10-12 | 13-15 || total
-------------------------+-------+-------+-------+-------+-------++-------
Melee: Hand axe          |    96 |   162 |   224 |       |       ||   482
       Kick              |     7 |    56 |   102 |    92 |       ||   257
       War axe           |       |       |    97 |   678 |   707 ||  1482
       Trident           |       |       |       |    11 |    36 ||    47
 Fire: Arbalest          |       |       |       |    26 |    68 ||    94
Invok: Berserk           |     4 |     4 |    10 |    38 |    18 ||    74
       Trog's Hand       |     2 |     6 |     8 |    34 |    28 ||    78
       Burn Spellbooks   |       |       |       |       |     1 ||     1
       Brothers in Arms  |       |       |       |       |     1 ||     1
 Abil: Evoke Flight      |       |       |       |     2 |       ||     2
       Heal Wounds       |       |       |       |       |     9 ||     9
Evoke: Wand              |       |       |     1 |    15 |    27 ||    43
       Sack of spiders   |       |       |       |       |     2 ||     2
       Lamp of fire      |       |       |       |       |     1 ||     1
  Use: Potion            |     1 |       |     1 |     5 |    13 ||    20
       Scroll            |       |     1 |    11 |     7 |    26 ||    45
 Stab: Sleeping          |       |     2 |       |     2 |     2 ||     6
       Invisible         |       |       |       |     4 |       ||     4
       Paralysed         |       |       |       |       |    13 ||    13
       Confused          |       |       |       |       |     4 ||     4
  Eat: Chunk             |     4 |    12 |    34 |    81 |    56 ||   187
       Fruit             |       |       |       |       |     4 ||     4
Armor: Animal skin       |    18 |       |       |       |       ||    18
       Leather armour    |     6 |    37 |    68 |    53 |    16 ||   180
       Ring mail         |       |       |       |    60 |   155 ||   215
       Skin              |       |       |       |       |    59 ||    59
Dodge: Dodged            |    43 |    91 |   134 |   419 |   638 ||  1325
